 Dungeon Crawl Stone Soup version 0.21.1-1-g345015f (webtiles) character file.

22773 nicolaieve the Severer (level 12, -6/105 (106) HPs)
             Began as a Minotaur Berserker on June 12, 2018.
             Was the Champion of Trog.
             Hit by a large rock thrown by a cyclops (24 damage)
             ... on level 12 of the Dungeon.
             The game lasted 00:53:14 (9542 turns).

nicolaieve the Severer (Minotaur Berserker)         Turns: 9542, Time: 00:53:14

HP:   -6/105 (106)  AC: 18    Str: 28    XL:     12   Next: 66%
MP:   0/3           EV:  9    Int:  1    God:    Trog [******]
Gold: 604           SH:  0    Dex: 13    Spells: 11/11 levels left

rFire    . . .     SeeInvis .   R - +3 broad axe (antimagic)
rCold    . . .     Gourm    .   (no shield)
rNeg     . . .     Faith    .   J - +0 plate armour
rPois    +         Spirit   +   (helmet restricted)
rElec    .         Reflect  .   A - +0 cloak
rCorr    .         Harm     .   (no gloves)
MR       ++...                  k - +0 pair of boots
Stlth    ..........             g - amulet of guardian spirit
HPRegen  1.27/turn              C - ring of Yredelemnul's Envy {rPois Str+4 Int-3 Slay+3}
MPRegen  0.08/turn              x - ring of poison resistance

@: berserk cooldown, regenerating, slowed, very slow
A: retaliatory headbutt, horns 2
a: Berserk, Trog's Hand, Brothers in Arms, Burn Spellbooks, Renounce Religion


You were on level 12 of the Dungeon.
You worshipped Trog.
Trog was exalted by your worship.
You were very hungry.

You visited 1 branch of the dungeon, and saw 14 of its levels.

You collected 604 gold pieces.

Inventory:

Hand Weapons
 p - a +0 war axe
 D - a +0 battleaxe
 R - a +3 antimagic broad axe (weapon)
Missiles
 j - 208 stones (quivered)
Armour
 k - a +0 pair of boots (worn)
 A - a +0 cloak (worn)
 J - a +0 plate armour (worn)
 N - a +0 scale mail of cold resistance
Jewellery
 g - an amulet of guardian spirit (around neck)
 t - an uncursed ring of stealth
 x - a ring of poison resistance (right hand)
 C - the ring of Yredelemnul's Envy (left hand) {rPois Str+4 Int-3 Slay+3}
   (You found it on level 5 of the Dungeon)

   [ring of slaying]

   It affects your strength (+4).
   It affects your intelligence (-3).
   It affects your accuracy and damage with ranged weapons and melee attacks
   (+3).
   It protects you from poison.
 G - an uncursed ring of protection from fire {unknown}
 K - an uncursed ring of poison resistance
Wands
 l - a wand of enslavement (13)
 B - a wand of random effects (40)
 I - a wand of disintegration (22)
 O - a wand of digging (7)
 P - a wand of flame (20)
 S - a wand of acid (9)
 U - a wand of iceblast (9)
Scrolls
 e - 3 scrolls of amnesia
 h - a scroll of magic mapping {unknown}
 i - 11 scrolls of remove curse
 n - 2 scrolls of fear {unknown}
 q - 4 scrolls of teleportation {unknown}
 u - 6 scrolls of blinking {unknown}
 y - 3 scrolls of random uselessness {unknown}
 z - a scroll of enchant armour {unknown}
 E - a scroll of summoning {unknown}
 M - 3 scrolls of fog {unknown}
 Q - a scroll of brand weapon {unknown}
Potions
 a - 3 potions of mutation
 b - 2 potions of brilliance
 d - 2 potions of degeneration
 f - 5 potions of heal wounds
 m - 2 potions of magic
 o - 7 potions of curing
 r - a potion of invisibility
 s - 5 potions of haste
 v - 2 potions of flight
 w - 3 potions of might
 F - a potion of resistance
 H - 2 potions of berserk rage
Books
 L - a book of Party Tricks

   Spells                             Type                      Level
   a - Summon Butterflies             Summoning                    1
   b - Apportation                    Translocation                1
   c - Lesser Beckoning               Translocation                3
   d - Tukima's Dance                 Hexes                        3
   e - Alistair's Intoxication        Transmutation/Poison         5
   f - Invisibility                   Hexes                        6
   Trog disapproves of the use of such an item.
Comestibles
 c - 24 rations
 T - 5 chunks of flesh


   Skills:
 + Level 10.1 Fighting
 * Level 19.0 Axes
 * Level 12.1 Armour
 - Level 2.4 Dodging


You had 11 spell levels left.
You didn't know any spells.

Dungeon Overview and Level Annotations

Branches:
Dungeon (14/15)            Temple (0/1) D:6            Lair (0/6) D:9
    Orc (0/2) D:9
 Vaults: D:13-14

Altars:
Fedhas
Okawaru
Qazlal

Shops:
D:7 !


Innate Abilities, Weirdness & Mutations

You reflexively headbutt those who attack you in melee.
You have a pair of horns on your head.


Message History

The acid dragon bites you.
The acid dragon claws you but does no damage.
A cyclops comes into view.
You see here a large rock.
The cyclops shouts!
You slice the acid dragon!!
The acid dragon is severely wounded.
The acid dragon bites you. The acid dragon closely misses you.
You slice the acid dragon!!
You kill the acid dragon!
Trog accepts your kill. Something appears at your feet!
Trog grants you a weapon!
Your skin crawls.
You feel resistant to hostile enchantments.
You are feeling very hungry.
The cyclops throws a large rock.
The large rock hits you!!
* * * LOW HITPOINT WARNING * * *
The cyclops throws a large rock.
The large rock hits you!!
You die...

#. #..# #. ##.)####
. #. #......# .. #.
#......# ...# #.
...... .....#. ...#
#.....(####)†######
........)))>...C...
..>...†###@#)######
.#.#.#. #.#.# #. .#
.#.#z #. .# .# #.#.
#. .# .# #.#. . .#
.# #.#. .# .# #.#.
.# #.


You could see a cyclops.

Vanquished Creatures
  Snorg (D:13)
  Josephine (D:10)
  A hydra (D:8)
  A catoblepas (D:13)
  The ghost of diana the Cleaver, a novice MiFi of Makhleb (D:10)
  2 two-headed ogres
  An unseen horror (D:13)
  A manticore (D:12)
  A cyclops (D:12)
  An ugly thing (D:13)
  Maurice (D:11)
  The ghost of Cavalorn the Grasshopper, a novice GnWr (D:3)
  2 centaur skeletons
  A troll (D:9)
  3 hippogriffs
  2 dream sheep (D:8)
  Prince Ribbit (D:8)
  A shadow (D:9)
  4 wraiths (D:10)
  11 yaks
  A basilisk (D:11)
  Grum (D:10)
  3 hungry ghosts
  Eustachio (D:4)
  7 vampire mosquitoes (D:13)
  A water moccasin (D:10)
  An acid dragon (D:12)
  4 orc warriors
  3 porcupines (D:9)
  7 ice beasts
  6 sky beasts
  5 ogres
  4 black bears
  4 necrophages (D:6)
  4 phantoms
  8 wolves
  6 centaurs
  5 crocodiles
  3 big kobolds (D:8)
  11 bullfrogs
  2 gnoll sergeants
  3 scorpions
  A hornet simulacrum (D:9)
  18 wights
  An electric eel (D:9)
  A bullfrog zombie (D:6)
  7 crimson imps
  11 orc priests
  A centaur zombie (D:7)
  11 hounds
  A gnoll shaman (D:7)
  3 jellies
  7 bullfrog skeletons
  24 orc wizards
  4 iguanas
  6 worker ants
  A killer bee zombie (D:6)
  2 hound zombies
  A howler monkey zombie (D:6)
  2 worker ant zombies
  20 gnolls
  A howler monkey skeleton (D:9)
  14 adders
  A hound simulacrum (D:9)
  3 white imps (D:9)
  An ufetubus (D:9)
  An ooze (D:4)
  A worm (D:3)
  2 dart slugs
  6 leopard geckos
  56 orcs
  14 bats
  5 giant cockroaches
  11 goblins
  9 hobgoblins
  9 jackals
  5 quokkas
  3 ball pythons
  7 frilled lizards
  5 kobolds
  A leopard gecko skeleton (D:5)
  2 quokka skeletons
  10 rats
  A bush (D:6)
  2 plants (D:6)
420 creatures vanquished.

Notes
Turn   | Place    | Note
-------+----------+-------------------------------------------
     0 | D:1      | nicolaieve the Minotaur Berserker began the quest for the Orb.
     0 | D:1      | Reached XP level 1. HP: 19/19 MP: 0/0
   144 | D:1      | Reached XP level 2. HP: 25/27 MP: 1/1
   169 | D:1      | Reached skill level 4 in Axes
   392 | D:1      | Reached XP level 3. HP: 27/33 MP: 2/2
   413 | D:1      | Reached ** piety under Trog
   852 | D:2      | Reached skill level 5 in Axes
   993 | D:2      | Reached XP level 4. HP: 18/40 MP: 3/3
  1419 | D:3      | Noticed Cavalorn's ghost (novice GnWr)
  1434 | D:3      | Reached skill level 6 in Axes
  1468 | D:3      | Killed Cavalorn's ghost
  1468 | D:3      | Reached skill level 8 in Axes
  1468 | D:3      | Reached XP level 5. HP: 40/46 MP: 4/4
  1468 | D:3      | Reached XP level 6. HP: 46/52 MP: 5/5
  1512 | D:3      | Reached *** piety under Trog
  1638 | D:3      | Reached skill level 9 in Axes
  1977 | D:3      | Reached XP level 7. HP: 36/59 MP: 6/6
  2399 | D:4      | Reached skill level 10 in Axes
  2448 | D:4      | Reached **** piety under Trog
  2852 | D:4      | Reached skill level 11 in Axes
  2852 | D:4      | Reached XP level 8. HP: 60/67 MP: 7/7
  3000 | D:4      | Noticed Eustachio
  3006 | D:4      | Killed Eustachio
  3243 | D:5      | Entered Level 5 of the Dungeon
  3321 | D:5      | Reached skill level 12 in Axes
  3357 | D:5      | Got a sparkling amber ring
  3361 | D:5      | Identified the ring of Yredelemnul's Envy {rPois Str+4 Int-3 Slay+3} (You found it on level 5 of the Dungeon)
  3465 | D:5      | Reached skill level 5 in Fighting
  3887 | D:6      | Reached XP level 9. HP: 69/74 MP: 8/8
  3896 | D:6      | Reached skill level 13 in Axes
  4111 | D:6      | Reached skill level 5 in Armour
  4258 | D:6      | Found a sand-covered staircase.
  4577 | D:6      | Found a blossoming altar of Fedhas.
  4641 | D:6      | Reached ***** piety under Trog
  5017 | D:6      | Found a staircase to the Ecumenical Temple.
  5024 | D:6      | Reached skill level 14 in Axes
  5666 | D:7      | Reached XP level 10. HP: 82/82 MP: 9/9
  6018 | D:7      | Found Byuleed's Distillery.
  6271 | D:8      | Noticed a two-headed ogre
  6277 | D:8      | Killed a two-headed ogre
  6277 | D:8      | Reached skill level 15 in Axes
  6358 | D:8      | Received a gift from Trog
  6617 | D:8      | Noticed Prince Ribbit
  6623 | D:8      | Killed Prince Ribbit
  6647 | D:8      | Reached skill level 16 in Axes
  6908 | D:8      | Reached XP level 11. HP: 90/91 MP: 10/10
  7053 | D:8      | Noticed a two-headed hydra
  7063 | D:8      | Killed a nine-headed hydra
  7295 | D:9      | Found a staircase to the Lair.
  7381 | D:9      | Reached skill level 17 in Axes
  7387 | D:9      | Reached skill level 10 in Armour
  7840 | D:9      | Found a stormy altar of Qazlal.
  7904 | D:9      | Found a staircase to the Orcish Mines.
  7913 | D:9      | Reached ****** piety under Trog
  7913 | D:9      | Received a gift from Trog
  8336 | D:10     | Entered Level 10 of the Dungeon
  8350 | D:10     | Noticed diana's ghost (novice MiFi)
  8352 | D:10     | Noticed Grum
  8372 | D:10     | Killed diana's ghost
  8377 | D:10     | Killed Grum
  8508 | D:10     | Found an iron altar of Okawaru.
  8704 | D:10     | Noticed Josephine
  8715 | D:10     | Killed Josephine
  8715 | D:10     | Reached skill level 18 in Axes
  8715 | D:10     | Reached XP level 12. HP: 71/103 MP: 2/11
  9140 | D:10     | Noticed a two-headed ogre
  9145 | D:10     | Killed a two-headed ogre
  9278 | D:11     | Noticed Maurice
  9285 | D:11     | Killed Maurice
  9372 | D:11     | You fall through a shaft for 3 floors!
  9405 | D:13     | Noticed a catoblepas
  9412 | D:13     | Noticed Snorg
  9419 | D:13     | Killed a catoblepas
  9425 | D:13     | Killed Snorg
  9528 | D:12     | Reached skill level 10 in Fighting
  9529 | D:12     | Reached skill level 19 in Axes
  9540 | D:12     | Received a gift from Trog
  9542 | D:12     | Hit by a large rock thrown by a cyclops

Skill      XL: |  1  2  3  4  5  6  7  8  9 10 11 12 |
---------------+-------------------------------------+-----
Fighting       | 4 5 6 7 9 10 | 10.1
Axes           | 4 5 8 9 11 12 14 16 18 19 | 19.0
Armour         | 4 7 9 10 12 | 12.1
Dodging        | |  2.4

Action                   |  1- 3 |  4- 6 |  7- 9 | 10-12 || total
-------------------------+-------+-------+-------+-------++-------
Melee: Hand axe          |    89 |    40 |       |       ||   129
       Headbutt          |     8 |    16 |    69 |   107 ||   200
       War axe           |       |    42 |   266 |   154 ||   462
       Unarmed           |       |    12 |       |       ||    12
       Battleaxe         |       |       |       |   162 ||   162
       Broad axe         |       |       |       |   157 ||   157
Invok: Berserk           |       |     1 |     1 |     5 ||     7
       Trog's Hand       |       |       |     1 |     1 ||     2
  Use: Scroll            |       |       |    10 |     4 ||    14
  Eat: Chunk             |       |     5 |    13 |    13 ||    31
       Ration            |       |       |       |     3 ||     3
Armor: Animal skin       |     5 |       |       |       ||     5
       Leather armour    |    27 |     1 |       |       ||    28
       Chain mail        |       |    65 |    98 |       ||   163
       Plate armour      |       |       |    19 |   287 ||   306
Dodge: Dodged            |    70 |    54 |   116 |   207 ||   447
